MID
GREAT LAKES LOONS @ WEST VIRGINIA POWER
07/14/2049
 
TOP OF THE 1ST
Great Lakes Loons batting - Pitching for West Virginia Power : LHP Hyoji Kawabata
Pitching: LHP Hyoji Kawabata
Batting: SHB Hank Arias 0-0: Called Strike
0-1: Ball
1-1: Reached on error, E4 (Groundball, 4M, EV 98.1 MPH)
Batting: LHB Ramon Vega Pickoff Throw to First - Out! 1-3 CS
0-0: Called Strike
0-1: Ground out 3-1 (Groundball, 34S, EV 83.8 MPH)
Batting: RHB Eddie Perry 0-0: Ball
1-0: DOUBLE (Flyball, 89D, EV 109.4 MPH)
Batting: RHB Juan Gallardo 0-0: Foul Ball, location: 2F
0-1: Foul Ball, location: 2F
0-2: Ground out U3 (Groundball, 3, EV 93.1 MPH)
Top of the 1st over - 0 runs, 1 hit, 1 error, 1 left on base; Great Lakes 0 - West Virginia 0
BOTTOM OF THE 1ST
West Virginia Power batting - Pitching for Great Lakes Loons : RHP Georgs Felitti
Pitching: RHP Georgs Felitti
Batting: RHB John Savard 0-0: Called Strike
0-1: Ball
1-1: Ball
2-1: Ball
3-1: Ground out 3-1 (Groundball, 34S, EV 82.5 MPH)
Batting: RHB Ryan LeSueur 0-0: Ball
1-0: Foul Ball, location: 2F
1-1: Foul Ball, location: 2F
1-2: Foul Ball, location: 2F
1-2: Ball
2-2: Strikes out swinging
Batting: RHB Hidesuke Yoshida 0-0: Called Strike
0-1: Ball
1-1: SINGLE (Flyball, 34D, EV 90.6 MPH)
Batting: RHB Ricky Alvarado Pickoff Play to 1st, Runner tries for 2nd, OUT after rundown.
Bottom of the 1st over - 0 runs, 1 hit, 0 errors, 0 left on base; Great Lakes 0 - West Virginia 0
TOP OF THE 2ND
Great Lakes Loons batting - Pitching for West Virginia Power : LHP Hyoji Kawabata
Batting: RHB Alex Melgoza 0-0: Foul Ball, location: 2F
0-1: Swinging Strike
0-2: Ball
1-2: Foul Ball, location: 2F
1-2: Ball
2-2: Ground out 5-3 (Groundball, 56S, EV 79.4 MPH)
Batting: SHB Josh Vaill 0-0: DOUBLE (Groundball, 5L, EV 98.1 MPH)
Batting: LHB Jim Jardine 0-0: Ball
1-0: Called Strike
1-1: Ball
2-1: Fly out, F8 (Flyball, 8RM, EV 78.8 MPH)
Batting: RHB Mike Kaczor 0-0: Ball
1-0: Called Strike
1-1: Called Strike
1-2: Ball
2-2: Strikes out swinging
Top of the 2nd over - 0 runs, 1 hit, 0 errors, 1 left on base; Great Lakes 0 - West Virginia 0
BOTTOM OF THE 2ND
West Virginia Power batting - Pitching for Great Lakes Loons : RHP Georgs Felitti
Batting: RHB Ricky Alvarado 0-0: Called Strike
0-1: SINGLE (Line Drive, 56D, EV 99.4 MPH)
Batting: RHB Rusty Trader 0-0: Ball
1-0: Fly out, F7 (Flyball, 7, EV 92.5 MPH)
Batting: RHB Jaime Dubicki Pickoff Throw to First - Error! E1
Ricky Alvarado to second
0-0: Called Strike
0-1: Ball
1-1: Called Strike
1-2: Ball
2-2: Fly out, F7 (Line Drive, 78S, EV 100.6 MPH)
Batting: LHB Dustin Herman 0-0: Ball
1-0: Ball
2-0: Called Strike
2-1: Foul Ball, location: 2F
2-2: SINGLE (Line Drive, 8RS, EV 105.6 MPH)
Ricky Alvarado to third
Runner from 3rd tries for Home, SAFE, throw by CF to home
Batting: RHB Chris Arroyo 0-0: Ball
1-0: Called Strike
1-1: Foul Ball, location: 2F
1-2: Ball
2-2: Ball
3-2: Reached on error, E4 (Groundball, 4, EV 78.8 MPH)
Dustin Herman to third
Batting: RHB Herbert Loveless 0-0: Called Strike
0-1: Ball
1-1: Ground out 6-3 (Groundball, 6, EV 108.8 MPH)
Bottom of the 2nd over - 1 run, 2 hits, 2 errors, 2 left on base; Great Lakes 0 - West Virginia 1
TOP OF THE 3RD
Great Lakes Loons batting - Pitching for West Virginia Power : LHP Hyoji Kawabata
Batting: RHB Ingidayehu Lagat 0-0: Ground out 6-3 (Groundball, 6, EV 83.1 MPH)
Batting: SHB Hank Arias 0-0: Swinging Strike
0-1: Ground out 4-3 (Groundball, 4S, EV 87.5 MPH)
Batting: LHB Ramon Vega 0-0: Called Strike
0-1: Ball
1-1: Bunt missed!
1-2: Ball
2-2: Fly out, F8 (Flyball, 8LD, EV 102.5 MPH)
Top of the 3rd over - 0 runs, 0 hits, 0 errors, 0 left on base; Great Lakes 0 - West Virginia 1
BOTTOM OF THE 3RD
West Virginia Power batting - Pitching for Great Lakes Loons : RHP Georgs Felitti
Batting: RHB John Savard 0-0: Called Strike
0-1: Called Strike
0-2: Ball
1-2: Ball
2-2: Ground out 3-1 (Groundball, 34S, EV 87.5 MPH)
Batting: RHB Ryan LeSueur 0-0: Swinging Strike
0-1: Called Strike
0-2: Ball
1-2: Strikes out swinging
Batting: RHB Hidesuke Yoshida 0-0: Fly out, F9 (Flyball, 9D, EV 101.2 MPH)
Bottom of the 3rd over - 0 runs, 0 hits, 0 errors, 0 left on base; Great Lakes 0 - West Virginia 1
TOP OF THE 4TH
Great Lakes Loons batting - Pitching for West Virginia Power : LHP Hyoji Kawabata
Batting: RHB Eddie Perry 0-0: Ball
1-0: Fly out, F7 (Flyball, 7LS, EV 81.2 MPH)
Batting: RHB Juan Gallardo 0-0: Called Strike
0-1: SINGLE (Groundball, 34S, EV 70.6 MPH) (infield hit)
Batting: RHB Alex Melgoza 0-0: Called Strike
0-1: Ball
1-1: Ball
2-1: Ball
3-1: Foul Ball, location: 2F
3-2: Fly out, F8 (Flyball, 8RM, EV 88.8 MPH)
Batting: SHB Josh Vaill 0-0: Ground out 4-3 (Groundball, 34, EV 98.1 MPH)
Top of the 4th over - 0 runs, 1 hit, 0 errors, 1 left on base; Great Lakes 0 - West Virginia 1
BOTTOM OF THE 4TH
West Virginia Power batting - Pitching for Great Lakes Loons : RHP Georgs Felitti
Batting: RHB Ricky Alvarado 0-0: Ball
1-0: Swinging Strike
1-1: Fly out, F9 (Flyball, 89D, EV 105.6 MPH)
Batting: RHB Rusty Trader 0-0: Called Strike
0-1: Ball
1-1: Ball
2-1: Ball
3-1: Ground out 3-1 (Groundball, 13, EV 88.1 MPH)
Batting: RHB Jaime Dubicki 0-0: Ball
1-0: Ball
2-0: Foul Ball, location: 2F
2-1: Foul Ball, location: 2F
2-2: Ball
3-2: Ground out 6-3 (Groundball, 56D, EV 80.0 MPH)
Bottom of the 4th over - 0 runs, 0 hits, 0 errors, 0 left on base; Great Lakes 0 - West Virginia 1
TOP OF THE 5TH
Great Lakes Loons batting - Pitching for West Virginia Power : LHP Hyoji Kawabata
Batting: LHB Jim Jardine 0-0: Swinging Strike
0-1: Called Strike
0-2: Foul Ball, location: 2F
0-2: Foul Ball, location: 2F
0-2: Ball
1-2: Strikes out swinging
Batting: RHB Mike Kaczor 0-0: Ball
1-0: Ground out 4-3 (Groundball, 4, EV 81.9 MPH)
Batting: RHB Ingidayehu Lagat 0-0: Called Strike
0-1: Foul Ball, location: 2F
0-2: Foul Ball, location: 2F
0-2: Ball
1-2: Ball
2-2: Ground out 4-3 (Groundball, 4M, EV 76.9 MPH)
Top of the 5th over - 0 runs, 0 hits, 0 errors, 0 left on base; Great Lakes 0 - West Virginia 1
BOTTOM OF THE 5TH
West Virginia Power batting - Pitching for Great Lakes Loons : RHP Georgs Felitti
Batting: LHB Dustin Herman 0-0: Called Strike
0-1: Fly out, F9 (Flyball, 89D, EV 94.4 MPH)
Batting: RHB Chris Arroyo 0-0: Ground out 6-3 (Groundball, 6, EV 111.9 MPH)
Batting: RHB Herbert Loveless 0-0: Called Strike
0-1: Called Strike
0-2: Ball
1-2: Foul Ball, location: 2F
1-2: Strikes out swinging
Bottom of the 5th over - 0 runs, 0 hits, 0 errors, 0 left on base; Great Lakes 0 - West Virginia 1
TOP OF THE 6TH
Great Lakes Loons batting - Pitching for West Virginia Power : LHP Hyoji Kawabata
Batting: SHB Hank Arias 0-0: Ball
1-0: Ball
2-0: DOUBLE (Line Drive, 9LS, EV 109.4 MPH)
Batting: LHB Ramon Vega 0-0: Called Strike
0-1: Ball
1-1: Fly out, F8 (Flyball, 89D, EV 105.6 MPH)
Runner from 2nd tags up, SAFE at 3rd, no throw by CF
Batting: RHB Eddie Perry 0-0: Called Strike
0-1: Foul Ball, location: 2F
0-2: Strikes out looking
Batting: RHB Juan Gallardo 0-0: Ball
1-0: Ball
2-0: Ball
3-0: Called Strike
3-1: Fly out, F4 (Popup, 4S, EV 66.2 MPH)
Top of the 6th over - 0 runs, 1 hit, 0 errors, 1 left on base; Great Lakes 0 - West Virginia 1
BOTTOM OF THE 6TH
West Virginia Power batting - Pitching for Great Lakes Loons : RHP Georgs Felitti
Batting: RHB John Savard 0-0: Ball
1-0: Swinging Strike
1-1: SINGLE (Groundball, 6, EV 96.9 MPH)
Batting: RHB Ryan LeSueur 0-0: Called Strike
0-1: Called Strike
0-2: Ball
1-2: Ball
John Savard steals 2nd base
2-2: Strikes out swinging
Batting: RHB Hidesuke Yoshida 0-0: Ball
1-0: Called Strike
1-1: Ball
2-1: Ground out 5-3 (Groundball, 56S, EV 72.5 MPH)
John Savard to third
Batting: RHB Ricky Alvarado 0-0: Ball
1-0: SINGLE (Groundball, 6D, EV 97.5 MPH)
John Savard scores
Batting: RHB Rusty Trader 0-0: Called Strike
0-1: Swinging Strike
0-2: Ball
1-2: Foul Ball, location: 2F
1-2: Foul Ball, location: 2F
1-2: Foul Ball, location: 2F
1-2: Strikes out swinging
Bottom of the 6th over - 1 run, 2 hits, 0 errors, 1 left on base; Great Lakes 0 - West Virginia 2
TOP OF THE 7TH
Great Lakes Loons batting - Pitching for West Virginia Power : LHP Hyoji Kawabata
Batting: RHB Alex Melgoza 0-0: Ball
1-0: Called Strike
1-1: Foul Ball, location: 2F
1-2: Ball
2-2: Ball
3-2: Strikes out looking
Batting: SHB Josh Vaill 0-0: SOLO HOME RUN (Flyball, 78XD, EV 103.8 MPH), Distance : 417 ft
Batting: LHB Jim Jardine 0-0: Called Strike
0-1: Ball
1-1: Ball
2-1: Ball
3-1: Ground out 4-3 (Groundball, 4, EV 90.6 MPH)
Batting: RHB Mike Kaczor 0-0: Ball
1-0: Ball
2-0: Ball
3-0: Called Strike
3-1: Base on Balls
Batting: RHB Ingidayehu Lagat 0-0: Ball
1-0: Called Strike
1-1: Called Strike
1-2: Ball
2-2: Strikes out swinging
Top of the 7th over - 1 run, 1 hit, 0 errors, 1 left on base; Great Lakes 1 - West Virginia 2
BOTTOM OF THE 7TH
West Virginia Power batting - Pitching for Great Lakes Loons : RHP Georgs Felitti
Batting: RHB Jaime Dubicki 0-0: Ball
1-0: Called Strike
1-1: Ball
2-1: Ground out 2-3 (Groundball, 2R, EV 63.8 MPH)
Batting: LHB Dustin Herman 0-0: Ball
1-0: Called Strike
1-1: Ball
2-1: Fly out, F6 (Line Drive, 6M, EV 74.4 MPH)
Batting: RHB Chris Arroyo 0-0: Ball
1-0: SINGLE (Groundball, 56D, EV 107.5 MPH)
Batting: RHB Herbert Loveless 0-0: Called Strike
0-1: Ball
1-1: Ball
2-1: Ball
Chris Arroyo is caught stealing 2nd base 2-4
Bottom of the 7th over - 0 runs, 1 hit, 0 errors, 0 left on base; Great Lakes 1 - West Virginia 2
TOP OF THE 8TH
Great Lakes Loons batting - Pitching for West Virginia Power : LHP Hyoji Kawabata
Pitching: LHP Norm Silveira-Wray
Now in LF: Don Hauk
Batting: SHB Hank Arias 0-0: Called Strike
0-1: Swinging Strike
0-2: Ball
1-2: Strikes out looking
Pinch Hitting: RHB Aaron Joseph 0-0: Ball
1-0: Ground out 5-3 (Groundball, 5L, EV 101.2 MPH)
Batting: RHB Eddie Perry 0-0: Foul Ball, location: 2F
0-1: Swinging Strike
0-2: Foul Ball, location: 2F
0-2: Strikes out swinging
Top of the 8th over - 0 runs, 0 hits, 0 errors, 0 left on base; Great Lakes 1 - West Virginia 2
BOTTOM OF THE 8TH
West Virginia Power batting - Pitching for Great Lakes Loons : RHP Georgs Felitti
Pitching: RHP Adonis Loyd
Now at 1B: Aaron Joseph
Now in LF: Juan Gallardo
Batting: RHB Herbert Loveless 0-0: Ball
1-0: SINGLE (Groundball, 34D, EV 95.0 MPH)
Batting: RHB John Savard 0-0: Sac Bunt to 13 - play at first, batter OUT! 1-3
Herbert Loveless to second
Batting: RHB Ryan LeSueur 0-0: SINGLE (Groundball, 6M, EV 102.5 MPH) (infield hit)
Herbert Loveless to third
Batting: RHB Hidesuke Yoshida 0-0: Foul Ball, location: 2F
0-1: Foul Ball, location: 2F
0-2: Ground out 5-3 (Groundball, 5, EV 83.8 MPH)
Ryan LeSueur to second
Batting: RHB Ricky Alvarado 0-0: Fly out, F9 (Line Drive, 9D, EV 91.2 MPH)
Bottom of the 8th over - 0 runs, 2 hits, 0 errors, 2 left on base; Great Lakes 1 - West Virginia 2
TOP OF THE 9TH
Great Lakes Loons batting - Pitching for West Virginia Power : LHP Norm Silveira-Wray
Pitching: RHP Justin West
Pinch Hitting: LHB Josh Moore 0-0: Called Strike
0-1: Ball
1-1: Foul Ball, location: 2F
1-2: Strikes out looking
Pinch Hitting: SHB Danny Jensen 0-0: Ball
1-0: Ball
2-0: SOLO HOME RUN (Flyball, 78XD, EV 101.9 MPH), Distance : 393 ft
Batting: SHB Josh Vaill 0-0: Called Strike
0-1: Ball
1-1: Ball
2-1: Swinging Strike
2-2: Strikes out swinging
Batting: LHB Jim Jardine 0-0: Ball
1-0: Foul Ball, location: 2F
1-1: Ball
2-1: Ball
3-1: Base on Balls
Batting: RHB Mike Kaczor 0-0: Foul Ball, location: 2F
0-1: Ball
Jim Jardine steals 2nd, throwing error, E2
Jim Jardine to third
1-1: Intentional Walk
Batting: RHB Ingidayehu Lagat 0-0: Ball
1-0: Fly out, F7 (Flyball, 78D, EV 105.6 MPH)
Top of the 9th over - 1 run, 1 hit, 1 error, 2 left on base; Great Lakes 2 - West Virginia 2
BOTTOM OF THE 9TH
West Virginia Power batting - Pitching for Great Lakes Loons : RHP Adonis Loyd
Now in LF: Josh Moore
Now in RF: Danny Jensen
Batting: SHB Don Hauk 0-0: Called Strike
0-1: Swinging Strike
0-2: Ball
1-2: SINGLE (Groundball, 25, EV 65.6 MPH) (infield hit)
Batting: RHB Jaime Dubicki 0-0: Sac Bunt to 2R - play at first, batter OUT! 2-3
Don Hauk to second
Batting: LHB Dustin Herman 0-0: Intentional Walk
Batting: RHB Chris Arroyo 0-0: Ball
1-0: Foul Ball, location: 2F
1-1: Ball
2-1: Called Strike
2-2: Strikes out looking
Batting: RHB Herbert Loveless 0-0: Swinging Strike
0-1: Called Strike
0-2: Strikes out looking
Bottom of the 9th over - 0 runs, 1 hit, 0 errors, 2 left on base; Great Lakes 2 - West Virginia 2
TOP OF THE 10TH
Great Lakes Loons batting - Pitching for West Virginia Power : RHP Justin West
Pitching: RHP Ian Ferrara
Batting: SHB Hank Arias 0-0: Foul Ball, location: 2F
0-1: Fly out, F8 (Flyball, 78M, EV 86.2 MPH)
Batting: RHB Aaron Joseph 0-0: Called Strike
0-1: Ball
1-1: Ball
2-1: Ball
3-1: Swinging Strike
3-2: Strikes out looking
Batting: RHB Eddie Perry 0-0: Called Strike
0-1: Ball
1-1: Foul Ball, location: 2F
1-2: Ball
2-2: Foul Ball, location: 2F
2-2: Strikes out looking
Top of the 10th over - 0 runs, 0 hits, 0 errors, 0 left on base; Great Lakes 2 - West Virginia 2
BOTTOM OF THE 10TH
West Virginia Power batting - Pitching for Great Lakes Loons : RHP Adonis Loyd
Batting: RHB John Savard 0-0: Called Strike
0-1: Ball
1-1: Swinging Strike
1-2: Ball
2-2: Strikes out swinging
Pinch Hitting: RHB Gary Ming 0-0: Ball
1-0: Foul Ball, location: 2F
1-1: Foul Ball, location: 2F
1-2: Ball
2-2: Ball
3-2: Foul Ball, location: 2F
3-2: Base on Balls
Batting: RHB Hidesuke Yoshida 0-0: Called Strike
0-1: Foul Ball, location: 2F
0-2: Ball
1-2: Strikes out swinging
Batting: RHB Ricky Alvarado 0-0: Swinging Strike
0-1: Swinging Strike
0-2: Strikes out swinging
Bottom of the 10th over - 0 runs, 0 hits, 0 errors, 1 left on base; Great Lakes 2 - West Virginia 2
TOP OF THE 11TH
Great Lakes Loons batting - Pitching for West Virginia Power : RHP Ian Ferrara
Now in RF: Gary Ming
Batting: LHB Josh Moore 0-0: SINGLE (Groundball, 34D, EV 105.6 MPH)
Batting: SHB Danny Jensen 0-0: Called Strike
0-1: Ball
1-1: Foul Ball, location: 2F
1-2: Fly out, F4 (Line Drive, 34, EV 73.1 MPH)
Batting: SHB Josh Vaill 0-0: Called Strike
0-1: Called Strike
0-2: Strikes out swinging
Batting: LHB Jim Jardine 0-0: Called Strike
0-1: Ball
1-1: Called Strike
1-2: Strikes out looking
Top of the 11th over - 0 runs, 1 hit, 0 errors, 1 left on base; Great Lakes 2 - West Virginia 2
BOTTOM OF THE 11TH
West Virginia Power batting - Pitching for Great Lakes Loons : RHP Adonis Loyd
Batting: SHB Don Hauk 0-0: Ball
1-0: Ball
2-0: Foul Ball, location: 2F
2-1: Foul Ball, location: 2F
2-2: Ground out 4-3 (Groundball, 34, EV 90.6 MPH)
Batting: RHB Jaime Dubicki 0-0: Ball
1-0: Ground out 6-3 (Groundball, 6, EV 84.4 MPH)
Batting: LHB Dustin Herman 0-0: Ball
1-0: Ground out 4-3 (Groundball, 4, EV 107.5 MPH)
Bottom of the 11th over - 0 runs, 0 hits, 0 errors, 0 left on base; Great Lakes 2 - West Virginia 2
TOP OF THE 12TH
Great Lakes Loons batting - Pitching for West Virginia Power : RHP Ian Ferrara
Batting: RHB Mike Kaczor 0-0: Ball
1-0: Ground out 5-3 (Groundball, 5, EV 106.2 MPH)
Now at 3B: Shuan-yan Wu
Batting: RHB Ingidayehu Lagat 0-0: SINGLE (Line Drive, 89S, EV 95.0 MPH)
Batting: SHB Hank Arias 0-0: Ball
1-0: Called Strike
1-1: Reached on error, E3 (Groundball, 3S, EV 43.8 MPH)
Ingidayehu Lagat to second
Batting: RHB Aaron Joseph 0-0: Foul Ball, location: 2F
0-1: Called Strike
0-2: DOUBLE (Line Drive, 5D, EV 104.4 MPH)
Ingidayehu Lagat scores
Hank Arias to third
Runner from 3rd tries for Home, SAFE, throw by LF to home
Pitching: RHP Eddie Aguirre
Batting: RHB Eddie Perry 0-0: Ball
1-0: Called Strike
1-1: Fly out, F8 (Flyball, 8LS, EV 84.4 MPH)
Batting: LHB Josh Moore 0-0: Ball
1-0: DOUBLE (Line Drive, 8RXD, EV 98.1 MPH)
Aaron Joseph scores
Batting: SHB Danny Jensen 0-0: Called Strike
0-1: Ball
1-1: Called Strike
1-2: Foul Ball, location: 2F
1-2: Ball
2-2: Fly out, F8 (Flyball, 8LS, EV 88.8 MPH)
Top of the 12th over - 3 runs, 3 hits, 1 error, 1 left on base; Great Lakes 5 - West Virginia 2
BOTTOM OF THE 12TH
West Virginia Power batting - Pitching for Great Lakes Loons : RHP Adonis Loyd
Batting: LHB Shuan-yan Wu 0-0: Ball
1-0: Ball
2-0: Ball
3-0: Called Strike
3-1: Foul Ball, location: 2F
3-2: Foul Ball, location: 2F
3-2: Strikes out swinging
Batting: RHB Herbert Loveless 0-0: Ball
1-0: Called Strike
1-1: Ground out 6-3 (Groundball, 6, EV 91.2 MPH)
Batting: RHB John Savard 0-0: Ball
1-0: Called Strike
1-1: Ball
2-1: Called Strike
2-2: Foul Ball, location: 2F
2-2: Foul Ball, location: 2F
2-2: Foul Ball, location: 2F
2-2: Foul Ball, location: 2F
2-2: SOLO HOME RUN (Flyball, 8RXD, EV 111.9 MPH), Distance : 412 ft
Batting: RHB Gary Ming 0-0: Ball
1-0: Swinging Strike
1-1: Called Strike
1-2: Ball
2-2: Foul Ball, location: 2F
2-2: Fly out, F6 (Popup, 6MD, EV 48.8 MPH)
Bottom of the 12th over - 1 run, 1 hit, 0 errors, 0 left on base; Great Lakes 5 - West Virginia 3
Sunday, July 16th , 2023 - OOTP Baseball 24.6 Build 69